 Dungeon Crawl Stone Soup version 0.22-a0-15-g4f60a598d5 (webtiles) character file.

69 Kaname the Conjurer (level 4, 12/30 HPs)
             Began as a Demonspawn Wizard on Jan 2, 2018.
             Quit the game on level 3 of the Dungeon.
             The game lasted 00:04:31 (1396 turns).

Kaname the Conjurer (Demonspawn Wizard)             Turns: 1396, Time: 00:04:31

Health: 12/30      AC:  5    Str:  7    XL:     4   Next: 2%
Magic:  1/8        EV: 12    Int: 21    God:
Gold:   79         SH:  0    Dex: 11    Spells: 3/9 levels left

rFire    . . .     SeeInvis .   k - +0 spear
rCold    . . .     Gourm    .   (no shield)
rNeg     + . .     Faith    .   a - +0 robe
rPois    .         Spirit   .   b - +0 hat
rElec    .         Reflect  .   (no cloak)
rCorr    .         Harm     .   n - +0 pair of gloves
MR       .....                  (no boots)
Stlth    +++.......             (no amulet)
HPRegen  0.10/turn              h - ring of positive energy
MPRegen  0.11/turn              (no ring)

@: no status effects
A: yellow scales 1, nightstalker 1, powered by death 1
a: no special abilities


You were on level 3 of the Dungeon.
You were hungry.

You visited 1 branch of the dungeon, and saw 3 of its levels.

You collected 79 gold pieces.

Inventory:

Hand Weapons
 k - a +0 spear (weapon)
Armour
 a - a +0 robe (worn)
 b - a +0 hat (worn)
 n - a +0 pair of gloves (worn)
Jewellery
 h - a ring of positive energy (left hand)
Scrolls
 f - 3 scrolls of fear
 g - 2 scrolls of remove curse
 i - a scroll of identify
 l - a scroll of enchant armour
 o - 4 scrolls of teleportation {unknown}
Potions
 e - a potion of might
 j - a potion of degeneration {unknown}
 m - a potion of curing {unknown}
Books
 c - a book of Minor Magic

   Spells                             Type                      Level
   a - Magic Dart                     Conjuration                  1
   b - Blink                          Translocation                2
   c - Call Imp                       Summoning                    2
   d - Slow                           Hexes                        2
   e - Conjure Flame                  Conjuration/Fire             3
   f - Mephitic Cloud                 Conjuration/Poison/Air       3
Comestibles
 d - 5 rations
 p - 5 chunks of flesh


   Skills:
 - Level 1.7 Dodging
 - Level 1.7 Stealth
 - Level 3.0 Spellcasting
 + Level 3.2 Conjurations
   Level 1.0 Summonings
 - Level 1.1 Translocations
 - Level 1.0 Air Magic
 - Level 1.0 Poison Magic


You had 3 spell levels left.
You knew the following spells:

 Your Spells              Type           Power        Failure   Level  Hunger
a - Magic Dart            Conj           ###.         3%          1    None
b - Blink                 Tloc           N/A          13%         2    ##.....
c - Mephitic Cloud        Conj/Pois/Air  ##......     19%         3    ###....


Dungeon Overview and Level Annotations

Branches:
Dungeon (3/15)

Altars:


Innate Abilities, Weirdness & Mutations

You are partially covered in yellow scales. (AC +2)
You are slightly more attuned to the shadows.
You regenerate a little health from kills.


Message History

The worm is almost dead.
The worm bites you.
Casting: Magic Dart
Confirm with . or Enter, or press ? or * to list all spells.
Aiming: Magic Dart
Press: ? - help, Shift-Dir - straight line, f/p - worm
Aim: a worm (almost dead)
The magic dart hits the worm.
The worm is almost dead.
Casting: Magic Dart
Confirm with . or Enter, or press ? or * to list all spells.
Aiming: Magic Dart
Press: ? - help, Shift-Dir - straight line, f/p - worm
Aim: a worm (almost dead)
The magic dart hits the worm.
You kill the worm!
You have reached level 4!
You feel clever.
Your demonic ancestry asserts itself...
Yellow scales grow over part of your body.
Are you sure you want to abandon this character and quit the game? (Confirm with "yes".)

######### #.......#
#.......# ...##
######.......# .....
.....†.......# #### #....#
##...#.......# #.. .....#
##...#.......# #.# .....#
.#...#.......#####.###.....#
.'...+..........@†..........
.#...#####<...######.#.....#
.#...# #....'......#..##.#
###### ##...########w.#
##### ... ...# #..#


There were no monsters in sight!

Vanquished Creatures
  2 adders
  An ooze (D:1)
  4 worms
  A dart slug (D:1)
  A ball python (D:2)
  2 bats (D:3)
  A giant cockroach (D:1)
  3 goblins
  2 hobgoblins
  7 jackals (D:2)
  A quokka (D:2)
  3 frilled lizards
  2 kobolds
  3 rats
33 creatures vanquished.

Notes
Turn   | Place    | Note
-------+----------+-------------------------------------------
     0 | D:1      | Kaname the Demonspawn Wizard began the quest for the Orb.
     0 | D:1      | Reached XP level 1. HP: 13/13 MP: 4/4
   273 | D:1      | Gained mutation: You are slightly more attuned to the shadows. [demonic ancestry]
   273 | D:1      | Reached XP level 2. HP: 19/19 MP: 1/6
   277 | D:1      | Learned a level 2 spell: Blink
   887 | D:2      | Gained mutation: You regenerate a little health from kills. [demonic ancestry]
   887 | D:2      | Reached XP level 3. HP: 21/24 MP: 1/7
   894 | D:2      | HP: 1/24 [worm (9)]
   898 | D:2      | Reached skill level 1 in Translocations
   922 | D:2      | Learned a level 3 spell: Mephitic Cloud
  1275 | D:3      | Reached skill level 1 in Poison Magic
  1385 | D:3      | Reached skill level 1 in Air Magic
  1395 | D:3      | Gained mutation: You are partially covered in yellow scales. (AC +2) [demonic ancestry]
  1395 | D:3      | Reached XP level 4. HP: 11/30 MP: 1/8
  1396 | D:3      | Quit the game

Vault maps used:
D:1:      minmay_arrival_nine_rooms
D:3:      lemuel_round_altar, uniq_jessica, uniq_ijyb

Skill      XL: |  1  2  3 |
---------------+----------+-----
Conjurations   | 2 3 |  3.2
Translocations | 1 |  1.1
Poison Magic   | 1 |  1.0
Air Magic      | 1 |  1.0
Dodging        | |  1.7
Stealth        | |  1.7
Spellcasting   | |  3.0
Summonings     | |  1.0

Action                   |  1- 3 |  4- 6 || total
-------------------------+-------+-------++-------
Melee: Unarmed           |    14 |       ||    14
       Dagger            |    16 |       ||    16
       Spear             |    63 |       ||    63
 Cast: Magic Dart        |    66 |     1 ||    67
  Use: Scroll            |     4 |       ||     4
       Potion            |     1 |       ||     1
 Stab: Sleeping          |     1 |       ||     1
  Eat: Chunk             |     1 |       ||     1
Armor: Robe              |    18 |       ||    18
Dodge: Dodged            |    70 |       ||    70

Table legend:
 A = Spawn XP
 B = Non-spawn XP
 C = Spawn XP percentage of total XP
 D = Spawn monster count
 E = Non-spawn monster count
 F = Spawn count percentage of total count
 G = Total turns spent on level
                    A         B        C        D         E        F      G
               +---------+---------+-------+---------+---------+-------+---------
         Total |       0 |      99 |   0.0 |       0 |      33 |   0.0 |  1396
               +---------+---------+-------+---------+---------+-------+---------
           D:1 |       0 |      22 |   0.0 |       0 |       9 |   0.0 |   750
           D:2 |       0 |      49 |   0.0 |       0 |      18 |   0.0 |   499
           D:3 |       0 |      28 |   0.0 |       0 |       6 |   0.0 |   147
               +---------+---------+-------+---------+---------+-------+---------
